 Dungeon Crawl Stone Soup version 0.30.1-9-gdf580d7c3d (webtiles) character file.

Game seed: 6555896583782059982

464 ringo67 the Cudgeller (level 7, -4/55 HPs)
             Began as a Human Warper on Oct 2, 2023.
             Slain by Pikel
             ... wielding a +0 whip of freezing
              (5 damage)
             ... on level 5 of the Dungeon.
             The game lasted 00:12:10 (4099 turns).

ringo67 the Cudgeller (Human Warper)                Turns: 4099, Time: 00:12:10

Health: -4/55      AC: 11    Str: 13    XL:     7   Next: 29%
Magic:  10/10      EV:  7    Int: 13    God:
Gold:   124        SH:  0    Dex: 19    Spells: 8/10 levels left

rFire   . . .        o - +1 flail
rCold   . . .        (no shield)
rNeg    . . .        c - +0 chain mail
rPois   .            f - +1 helmet
rElec   .            (no cloak)
rCorr   .            (no gloves)
SInv    .            (no boots)
Will    .....        (no amulet) Stlth
                     d - +6 ring of dexterity
HPRegen 0.29/turn    (no ring)
MPRegen 0.12/turn

%: no passive effects
@: no status effects
A: no striking features
a: no special abilities


You were on level 5 of the Dungeon.
You visited 1 branch of the dungeon, and saw 5 of its levels.

You collected 124 gold pieces.

Inventory:

Hand Weapons
 o - a +1 flail (weapon)
Armour
 b - a +0 leather armour
 c - a +0 chain mail (worn)
 f - a +1 helmet (worn)
Jewellery
 d - a +6 ring of dexterity (left hand)
 m - a ring of resist corrosion
 r - a ring of wizardry
Wands
 l - a wand of iceblast (6)
Scrolls
 h - a scroll of acquirement {unknown}
 i - 2 scrolls of poison
 j - a scroll of fog {unknown}
 k - a scroll of vulnerability
 q - 2 scrolls of identify
 s - a scroll of fear {unknown}
 t - a scroll of magic mapping
 v - a scroll of enchant armour
Potions
 a - a potion of brilliance {unknown}
 e - a potion of attraction {unknown}
 p - 3 potions of curing {unknown}
 u - a potion of resistance
 w - a potion of might {unknown}
 x - a potion of ambrosia {unknown}


   Skills:
 + Level 4.4 Fighting
 + Level 4.5 Maces & Flails
 - Level 1.0 Throwing
 + Level 4.0 Armour
 - Level 2.0 Dodging
 - Level 2.0 Spellcasting
 - Level 3.0 Translocations


You had 8 spell levels left.
You knew the following spells:

 Your Spells              Type           Power      Damage    Failure   Level
a - Blink                 Tloc           18%        N/A       89%         2

Your spell library contained the following spells:

 Spells                   Type           Power      Damage    Failure   Level
 Lesser Beckoning         Tloc           18%        N/A       89%         2
 Teleport Other           Tloc           9%         N/A       98%         3
 Vhi's Electric Charge    Tloc/Air       10%        N/A       100%        3
 Manifold Assault         Tloc           9%         N/A       100%        4
 Chain Lightning          Conj/Air       0%         2d1       100%        9
 Fire Storm               Conj/Fire      0%         6d1       100%        9
 Shatter                  Erth           0%         3d5*      100%        9


Dungeon Overview and Level Annotations

Branches:
Dungeon (5/15)
 Temple: D:4-7

Altars:
Cheibriados
Gozag
Xom
Zin

Shops:
D:3 [

Annotations:
D:5 Edmund, Menkaure, Pikel


Message History

Menkaure shouts!
Found 12 gold pieces.
Found 6 stones.
Aiming: Iceblast
Press: ? - help, Shift-Dir - straight line, f - iguana
Aim: an iguana The mass of ice explodes!
The iceblast engulfs the iguana!
The iguana is almost dead.
The iceblast engulfs the adder!
You kill the adder!
You hit the iguana.
You kill the iguana!
Menkaure mumbles in an indecipherable tongue.
You feel your willpower return.
Menkaure calls on the powers of darkness!
Your body is wracked with pain!
* * * LOW HITPOINT WARNING * * *
Menkaure calls on the powers of darkness!
Your body is wracked with pain!
* * * LOW HITPOINT WARNING * * *
Found a falchion.
Found a stone staircase leading down.
Pikel and 2 lemures come into view.
Pikel is wielding a +0 whip of freezing.
Found a dagger and a scroll of vulnerability.
Pikel shouts!
The lemure shouts! x2; You hear a shout!
A lemure comes into view.
The lemure moves out of view.
A lemure comes into view.
Found Maxwell's Memoranda.
The lemure shouts!
The lemure barely misses you.
Pikel hits you with a +0 whip of freezing.
* * * LOW HITPOINT WARNING * * *
Pikel freezes you.
* * * LOW HITPOINT WARNING * * *
Really walk into that dispersal trap?
You enter a dispersal trap!
Pikel blinks!
You blink.
Pikel hits you with a +0 whip of freezing.
You die...

.#.......##.###.##.##.....#
##.....###.# #.##.#.....:.
#..###.. #.# #.##....)....
.... ##. #.. ...#..5.......
#... .###) >..#55.5.?....
#. .# .....#5#.......#
###..####.##.....#
.....####5# #...##
.......@.§###..##
.###..K....§...#
##.#######.## ## #


You could see Pikel and a lemure.

Vanquished Creatures
  Grinder (D:3)
  Natasha (thrice) (D:2 D:1)
  An iguana (D:5)
  4 gnolls
  4 adders
  2 dart slugs
  An orc (D:4)
  8 endoplasms
  4 giant cockroaches
  12 goblins
  7 hobgoblins
  10 jackals
  2 quokkas
  5 ball pythons
  5 bats
  2 frilled lizards
  8 kobolds
  7 rats
86 creatures vanquished.

Notes
Turn   | Place    | Note
-------+----------+-------------------------------------------
     0 | D:1      | ringo67 the Human Warper began the quest for the Orb.
     0 | D:1      | Reached XP level 1. HP: 16/16 MP: 3/3
   406 | D:1      | Reached XP level 2. HP: 18/22 MP: 5/5
   470 | D:1      | Reached XP level 3. HP: 14/28 MP: 6/6
  1179 | D:1      | Reached XP level 4. HP: 32/34 MP: 7/7
  2030 | D:2      | Reached XP level 5. HP: 41/41 MP: 8/8
  2127 | D:2      | Found a snail-covered altar of Cheibriados.
  2252 | D:2      | Noticed Natasha
  2263 | D:2      | Killed Natasha
  2637 | D:2      | Noticed Natasha
  2680 | D:1      | HP: 2/41 [Natasha (6)]
  2681 | D:1      | Killed Natasha
  2822 | D:1      | Noticed Natasha
  2833 | D:1      | Killed Natasha
  2955 | D:3      | Reached XP level 6. HP: 41/47 MP: 9/9
  3072 | D:3      | Found a glowing silver altar of Zin.
  3196 | D:3      | Found Tim Eh Ytyi's Armour Emporium.
  3196 | D:3      | Noticed an animated plate armour
  3198 | D:3      | Noticed an animated plate armour
  3307 | D:3      | Found a shimmering altar of Xom.
  3325 | D:3      | Noticed Grinder
  3346 | D:3      | Paralysed by Grinder for 3 turns
  3682 | D:4      | Found an opulent altar of Gozag.
  3683 | D:4      | Found an opulent altar of Gozag.
  3683 | D:4      | Found an opulent altar of Gozag.
  3697 | D:4      | Found an opulent altar of Gozag.
  3852 | D:4      | Noticed Edmund
  3907 | D:3      | Paralysed by Grinder for 3 turns
  3915 | D:3      | Paralysed by Grinder for 5 turns
  3932 | D:3      | Killed Grinder
  3933 | D:3      | Reached XP level 7. HP: 39/55 MP: 10/10
  3990 | D:3      | Learned a level 2 spell: Blink
  4006 | D:3      | Found a faded altar of an unknown god.
  4056 | D:5      | Entered Level 5 of the Dungeon
  4060 | D:5      | HP: 2/55 [Edmund/+2 flail of protection (4)]
  4062 | D:5      | Noticed Menkaure
  4089 | D:5      | Noticed Pikel
  4098 | D:5      | HP: 1/55 [Pikel/+0 whip of freezing (2)]
  4099 | D:5      | Slain by Pikel

Illustrated notes

Levels and vault maps discovered:
D:1:      dpeg_arrival_boxes_within_box, layout_basic,
          chequers_serial_rivers_small_3, minmay_misc_feat_chi,
          minmay_liquid_box, minmay_shallow_snake_nest
D:2:      layout_basic, basic_altar, hangedman_feature_mirror, uniq_natasha
D:3:      layout_basic, zin_academy, mainiacjoe_overflow_alcove_2,
          lemuel_round_altar, serial_shops, nicolae_shop_mannequins,
          ebering_ecumenical_altar_abandoned, chequers_serial_rivers_marsh,
          dk_noncrumbling_3, uniq_grinder
D:4:      layout_basic, nicolae_gozag_conspicuous_consumption, uniq_edmund
D:5:      nicolae_cairo_tiling_large_dashed, layout_loops_ring,
          nicolae_hepliaklqana_hazy_memory, uniq_crazy_yiuf_cottage,
          uniq_menkaure, uniq_pikel

Skill      XL: |  1  2  3  4  5  6  7 |
---------------+----------------------+-----
Armour         | 2 3 4 |  4.0
Fighting       | 3 4 |  4.4
Maces & Flails | 3 4 |  4.5
Throwing       | |  1.0
Dodging        | |  2.0
Spellcasting   | |  2.0
Translocations | |  3.0

Action                     |  1- 3 |  4- 6 |  7- 9 || total
---------------------------+-------+-------+-------++-------
  Melee: Mace              |   111 |    52 |       ||   163
         Punch             |     2 |     2 |     1 ||     5
         Flail             |       |   210 |    18 ||   228
  Throw: Boomerang         |       |     7 |       ||     7
         Throwing net      |       |     4 |       ||     4
  Evoke: Wand              |       |       |     2 ||     2
    Use: Scroll            |     1 |       |     6 ||     7
         Potion            |       |     1 |       ||     1
   Stab: Held in net/web   |       |     1 |       ||     1
 Armour: Leather armour    |     8 |       |       ||     8
         Chain mail        |    60 |   212 |     5 ||   277
  Dodge: Dodged            |    63 |   121 |    12 ||   196
